Map: Frozen Temple

Players

LeFaucheur

  • Race: Zerg Zerg
  • League: Master

Miszu - Winner!

  • Race: Terran Terran
  • League: Master

VOD

Have the link to the VOD?

Description

Time

  • Played on: July 4, 2016, 4:59 p.m.
  • Length: 9:48
Show
View Real Time Build Order
Export as new Build Order

LeFaucheur Zerg 

Build Orders: Pool First 

Get SALT Encoding   

  12  0:01  Drone  
  13  0:13  Overlord  
  13  0:18  Drone  
  14  0:34  Drone  
  14  0:35  Drone  
  16  0:36  Drone  
  17  0:48  Spawning Pool  
  16  0:52  Drone  
  17  1:15  Hatchery  
  17  1:17  Drone  
  17  1:20  Drone  
  17  1:21  Extractor  
  17  1:35  Zergling x4  
  17  1:38  Queen  
  21  1:45  Overlord  
  21  1:50  Drone  
  22  2:04  Drone  
  23  2:14  Queen  
  25  2:19  Drone  
  26  2:24  Zergling x2  
  26  2:26  Queen  
  26  2:28  Overlord  
  29  2:35  Metabolic Boost  
  29  2:40  Drone  
  29  2:52  Drone x2  
  29  2:55  Drone x2  
  29  2:58  Overlord  
  32  3:03  Pneumatized Carapace  
  32  3:08  Drone  
  32  3:10  Drone  
  34  3:15  Drone x2  
  34  3:19  Drone  
  37  3:24  Drone x2  
  37  3:25  Drone  
  40  3:32  Roach Warren  
  40  3:33  Drone  
  40  3:36  Evolution Chamber  
  40  3:40  Evolution Chamber  
  39  3:46  Drone x4  
  43  4:02  Drone x3  
  46  4:03  Overlord, Extractor  
  46  4:07  Zerg Ground Armor Level 1  
  45  4:13  Overlord  
  45  4:18  Drone  
  45  4:19  Extractor, Drone x2  
  45  4:20  Drone  
  45  4:22  Overlord  
  48  4:33  Roach x4  
  56  4:39  Roach  
  56  4:40  Roach  
  60  4:51  Drone  
  60  4:52  Spore Crawler  
  60  4:53  Hatchery  
  60  4:54  Roach x2  
  60  4:55  Roach  
  65  5:03  Roach x3  
  64  5:13  Lair  
  64  5:15  Drone x3  
  64  5:19  Queen  
  69  5:25  Overlord  
  69  5:29  Drone x2  
  69  5:30  Drone x2  
  73  5:40  Overlord  
  73  5:41  Overlord  
  73  5:53  Roach  
  75  5:59  Roach x2  
  75  6:00  Roach x3  
  85  6:11  Drone x4  
  84  6:15  Queen  
  84  6:17  Zerg Ground Armor Level 2  
  87  6:21  Drone x5  
  87  6:24  Ravager x2  
  91  6:30  Drone x2  
  87  6:42  Ravager  
  88  6:48  Drone x6  
  88  6:49  Drone  
  88  6:53  Drone  
  96  6:55  Overlord  
  96  6:57  Overseer  
  96  7:02  Glial Reconstitution  
  96  7:03  Overlord  
  96  7:10  Overlord  
  96  7:20  Drone x5  
  96  7:21  Drone x2  
  103  7:24  Infestation Pit  
  103  7:27  Overlord, Extractor  
  103  7:28  Drone x2  
  103  7:29  Extractor, Drone x4  
  106  7:40  Drone  
  106  7:42  Drone x2  
  106  7:43  Spore Crawler  
  108  7:50  Drone  
  109  7:52  Drone, Evolution Chamber  
  109  7:53  Extractor, Drone x3  
  111  7:59  Infestor x2  
  111  8:00  Infestor  
  111  8:03  Overlord x2  
  111  8:05  Hive  
  117  8:13  Roach x3  
  117  8:14  Roach x2  
  127  8:25  Drone  
  128  8:27  Overlord x2  
  128  8:30  Roach x3  
  128  8:31  Roach  
  128  8:32  Hatchery  
  135  8:37  Overlord  
  135  8:40  Ravager  
  135  8:41  Ravager  
  137  8:45  Overlord  
  137  8:46  Overlord  
  137  8:47  Overlord  
  137  8:49  Roach x3  
  143  8:59  Roach x4  
  143  9:00  Roach x2  
  149  9:05  Ravager  
  149  9:06  Ravager  
  131  9:26  Roach x7  
  131  9:27  Roach x5  
Show
View Real Time Build Order
Export as new Build Order

Miszu Terran - Winner!

Build Orders: Reaper Expand, MMM Bio 

Get SALT Encoding   

  12  0:01  SCV  
  13  0:13  SCV  
  14  0:18  Supply Depot  
  14  0:25  SCV  
  15  0:39  SCV  
  15  0:40  Barracks  
  16  0:44  Refinery  
  16  0:51  SCV  
  17  1:04  SCV  
  18  1:19  SCV  
  19  1:29  Reaper  
  19  1:31  Orbital Command  
  20  1:43  Command Center  
  20  1:52  Supply Depot  
  20  1:56  SCV  
  21  2:07  Barracks Reactor, Refinery  
  21  2:08  SCV  
  22  2:20  SCV  
  22  2:21  Factory  
  23  2:33  SCV  
  24  2:44  Marine x2  
  24  2:45  SCV  
  27  2:58  SCV  
  28  3:02  Marine x2  
  30  3:06  Starport, Factory Reactor  
  30  3:10  SCV  
  31  3:16  Orbital Command  
  31  3:19  Supply Depot  
  31  3:20  Marine  
  31  3:21  Marine  
  31  3:22  SCV  
  34  3:34  SCV  
  34  3:38  Marine x2  
  37  3:46  SCV  
  38  3:52  SCV  
  38  3:54  Supply Depot  
  39  3:56  Marine x2  
  39  3:57  Medivac x2  
  39  4:00  Widow Mine  
  39  4:02  SCV  
  47  4:05  SCV  
  48  4:15  SCV  
  48  4:16  Liberator x2  
  49  4:18  Command Center  
  49  4:19  SCV  
  49  4:22  Marine x2  
  52  4:28  Supply Depot, SCV  
  53  4:36  Factory Tech Lab  
  53  4:37  SCV  
  60  4:40  SCV  
  61  4:49  SCV  
  61  4:52  SCV  
  63  4:55  Marine x2  
  63  4:56  Refinery x2  
  62  5:11  Siege Tank, SCV  
  62  5:12  SCV  
  62  5:13  Marine x2  
  67  5:22  Engineering Bay  
  67  5:23  Engineering Bay  
  67  5:26  Barracks x2, SCV x2  
  69  5:38  SCV x2  
  69  5:39  Marine x2  
  74  5:48  Orbital Command  
  73  5:50  Terran Infantry Weapons Level 1, Terran Infantry Armor Level 1, SCV  
  73  5:51  SCV  
  73  5:52  Siege Tank  
  78  6:03  SCV x2  
  80  6:11  Barracks  
  80  6:12  Barracks  
  80  6:14  Supply Depot  
  80  6:15  SCV x2, Orbital Command  
  80  6:17  Supply Depot  
  82  6:21  Marine  
  82  6:22  Barracks Tech Lab x2  
  83  6:27  SCV  
  83  6:28  SCV  
  85  6:40  Marine x3  
  85  6:41  Combat Shields  
  85  6:42  Stimpack  
  85  6:44  SCV  
  85  6:45  SCV x2  
  88  6:51  Marine  
  88  6:53  Supply Depot  
  88  6:54  Siege Tank  
  89  6:57  Marine, SCV  
  89  6:58  Marine  
  89  7:00  SCV x2  
  94  7:03  Refinery  
  94  7:04  Marine  
  94  7:05  Armory  
  94  7:06  Barracks Reactor x2  
  95  7:09  Marine, SCV  
  95  7:12  SCV x2  
  99  7:21  SCV  
  99  7:24  Supply Depot, Marine x2, SCV  
  99  7:25  Supply Depot, Marine  
  99  7:26  Supply Depot, Siege Tank  
  99  7:27  Marine  
  107  7:31  Supply Depot  
  107  7:33  Supply Depot, SCV x2  
  107  7:36  Refinery  
  109  7:45  Marine x2, Medivac x2, SCV x2  
  109  7:46  Marine x6  
  109  7:47  SCV  
  124  7:55  Supply Depot  
  124  7:56  Supply Depot  
  124  8:01  Supply Depot  
  124  8:03  Supply Depot, Marine  
  124  8:04  Supply Depot, Marine x2  
  124  8:05  Bunker, Marauder  
  129  8:09  Marauder  
  131  8:15  Medivac x2  
  131  8:19  Marine  
  135  8:24  Command Center  
  135  8:26  Marauder  
  138  8:27  Concussive Shells  
  138  8:28  Marine x4  
  138  8:29  Marine  
  138  8:30  Marine  
  138  8:32  Liberator  
  138  8:33  Liberator  
  144  8:37  Marine  
  144  8:40  Supply Depot  
  145  8:44  Supply Depot  
  145  8:46  Marine x4  
  149  8:51  Marine  
  156  9:11  Marine  
  156  9:12  Marine x5, Marauder x2  
  163  9:29  Marine  
  163  9:30  Marine x5  
Tags
 
Add a new tag
Caveats
  • Supply blocks, unpowered buildings, or Contaminate may cause inaccurate times.
  • Supply counts are checked every 10 seconds.